 Dungeon Crawl Stone Soup version 0.29.0-13-gc9e81de378 (webtiles) character file.

Game seed: 16662401897957895076

5039 Ge0ff the Destroyer (level 10, -20/55 (63) HPs)
             Began as a Formicid Conjurer on Sept 8, 2022.
             Was a Believer of Vehumet.
             Shot with a sling bullet by Joseph (22 damage)
             ... on level 7 of the Dungeon.
             The game lasted 00:19:37 (9370 turns).

Ge0ff the Destroyer (Formicid Conjurer)             Turns: 9370, Time: 00:19:38

HP:   -20/55 (63)   AC:  8    Str: 12    XL:     10   Next: 85%
MP:   3/20          EV: 15    Int: 28    God:    Vehumet [**....]
Gold: 340           SH:  0    Dex: 12    Spells: 12/23 levels left

rFire   . . .      SeeInvis +   a - staff of conjuration
rCold   . . .      Faith    .   (no shield)
rNeg    . . .      Spirit   .   X - +2 leather armour of Qaclar {Contam Harm Will+ rCorr}
rPois   .          Reflect  .   (helmet unavailable)
rElec   .          Harm     +   R - scarf {repulsion}
rCorr   +          Rampage  .   G - +2 pair of gloves
Will    ++...                   (no boots)
Stlth   ++........              (no amulet)
HPRegen 0.18/turn               B - +6 ring of intelligence
MPRegen 0.17/turn               C - +4 ring of evasion {=R}

@: heavily drained, repel missiles
A: permanent stasis, dig shafts and tunnels, antennae 3, four strong arms
a: Dig, Shaft Self, Renounce Religion


You were on level 7 of the Dungeon.
You worshipped Vehumet.
Vehumet was pleased with you.
You visited 2 branches of the dungeon, and saw 8 of its levels.
You also visited: Sewer and Bailey.

You collected 340 gold pieces.

Inventory:

Hand Weapons
 b - a +1 dagger of venom
 O - a +1 whip of draining
 Q - a +2 halberd of flaming
Missiles
 g - a throwing net {=F}
 A - 5 boomerangs
 F - 45 stones
 L - 13 poisoned darts
Armour
 G - a +2 pair of gloves (worn)
 N - a +1 robe
 R - a scarf of repulsion (worn)
 X - the +2 leather armour of Qaclar (worn) {Contam Harm Will+ rCorr}
   (You found it on level 3 of the Dungeon)

   Contam:    It causes magical contamination when unequipped.
   rCorr:     It protects you from acid and corrosion.
   Harm:      It increases damage dealt and taken.
   Will:      It increases your willpower.
Magical Staves
 a - a staff of conjuration (weapon)
 Z - a staff of earth
Jewellery
 B - a +6 ring of intelligence (left hand)
 C - a +4 ring of evasion (right hand) {=R}
 T - a ring of resist corrosion
 Y - a ring of flight
Wands
 d - a wand of digging (9)
 p - a wand of paralysis (6)
Scrolls
 E - a scroll of fear
 I - 2 scrolls of brand weapon
 P - 2 scrolls of torment
 S - a scroll of enchant weapon
 U - 3 scrolls of enchant armour
 V - 3 scrolls of vulnerability
Potions
 q - 3 potions of curing
 z - 2 potions of brilliance
 D - 2 potions of attraction {unknown}
 H - 2 potions of mutation {unknown}
 J - a potion of berserk rage {unknown}
 K - 3 potions of magic {!q}
 M - a potion of might
 W - 2 potions of heal wounds {!q}


   Skills:
 - Level 2.0 Armour
 - Level 2.0 Dodging
 - Level 2.4 Stealth
 - Level 7.0 Spellcasting
 + Level 9.8 Conjurations
 * Level 9.0 Hexes
 - Level 5.0 Translocations


You had 12 spell levels left.
You knew the following spells:

 Your Spells              Type           Power      Damage    Failure   Level
d - Iskenderun's Mystic   Conj/Tloc      67%        2d14      3%          4
j - Searing Ray           Conj           100%       2d8       1%          2
k - Magic Dart            Conj           100%       1d8       1%          1
s - Fulminant Prism       Conj/Hex       38%        3d18      1%          4

Your spell library contained the following spells:

 Spells                   Type           Power      Damage    Failure   Level
 Scorch                   Fire           18%        2d6       11%         2
 Slow                     Hex            100%       N/A       1%          1
 Confusing Touch          Hex            57%        N/A       1%          3
 Dazzling Flash           Conj/Hex       100%       N/A       1%          3
 Tukima's Dance           Hex            57%        N/A       1%          3
 Mephitic Cloud           Conj/Pois/Air  42%        N/A       5%          3
 Passage of Golubria      Tloc           37%        N/A       9%          4
 Ignite Poison            Fire/Tmut/Pois 9%         N/A       21%         3
 Vampiric Draining        Necr           9%         2d6       21%         3
 Yara's Violent Unravell  Hex/Tmut       17%        3d8       30%         5
 Freezing Cloud           Conj/Ice/Air   21%        6-21      45%         5


Dungeon Overview and Level Annotations

Branches:
Dungeon (7/15) Zot: 26582  Temple (1/1) D:5 Zot: 5914   Sewer (visited)
 Bailey (visited)

Altars:
Dithmenos
Elyvilon
Kikubaaqudgha
Makhleb
Qazlal
Ru
Sif Muna
Uskayaw
Vehumet
Wu Jian
Zin

Shops:
D:4 :   D:5 *   D:6 (

Annotations:
D:7 Joseph


Innate Abilities, Weirdness & Mutations

You cannot be hasted, slowed, berserked, paralysed or teleported.
You can dig through walls and to a lower floor.
You have a pair of large antennae on your head. (SInv)
Your four strong arms can wield two-handed weapons with a shield.


Message History

Aiming: Searing Ray (safe; 1% risk of failure)
Press: ? - help, Shift-Dir - straight line, f/p - Joseph
Aim: Joseph, wielding a +2 quarterstaff of draining and wearing a +0 ring mail (moderately wounded, 85% to hit)
You feel a surge of power!
The searing ray hits Joseph!
Joseph is heavily wounded. (Press . to maintain the ray.) Joseph hits you with a +2 quarterstaff of draining.
You feel drained.
The searing ray hits Joseph!
Joseph is heavily wounded.
Joseph hits you with a +2 quarterstaff of draining.
You feel drained.
The searing ray hits Joseph.
Joseph is severely wounded.
Joseph hits you with a +2 quarterstaff of draining!
You feel drained.
The searing ray misses Joseph.
You finish channelling your searing ray.
Joseph misses you.
Casting: Searing Ray (safe; 1% risk of failure)
Confirm with . or Enter, or press ? or * to list all spells.
Aiming: Searing Ray (safe; 1% risk of failure)
Press: ? - help, Shift-Dir - straight line, f/p - Joseph
Aim: Joseph, wielding a +2 quarterstaff of draining and wearing a +0 ring mail (severely wounded, 85% to hit)
You feel a surge of power!
The searing ray hits Joseph.
Joseph is severely wounded. (Press . to maintain the ray.) Joseph hits you with a +2 quarterstaff of draining!
* * * LOW HITPOINT WARNING * * *
You feel drained.
* * * LOW HITPOINT WARNING * * *
Casting: Searing Ray (safe; 1% risk of failure)
Confirm with . or Enter, or press ? or * to list all spells.
You feel a surge of power!
You erupt in a blast of force!
The mystic blast hits Joseph!
Joseph is almost dead.
Joseph is knocked back by the mystic blast.
Okay, then.
Casting: Iskenderun's Mystic Blast (dangerous; 3% risk of failure)
Confirm with . or Enter, or press ? or * to list all spells.
Aiming: Magic Dart (safe; 1% risk of failure)
Press: ? - help, Shift-Dir - straight line, f/p - Joseph
Aim: Joseph, wielding a +2 quarterstaff of draining and wearing a +0 ring mail (almost dead, 100% to hit)
You feel a surge of power!
The magic dart hits Joseph but does no damage.
Joseph is almost dead.
Joseph unwields a +2 quarterstaff of draining.
Joseph wields a +0 sling.
Joseph shoots a sling bullet.
The sling bullet hits you!!
You die...

#######
.....
#.....#
.....
#.....##
.....
......
#.....$
.....
....{.
.....
...gg
.F..#
... ...g
... #.#
#..
#.####@#
##.
#.)..#.#
##..
####.#.#
#...
#...#
#...
##.@#
#...
##.#
#...
#####
#..##
#...
...#
#...#
##..
###..
#.#.#
..[


You could see Joseph.

Vanquished Creatures
  2 vault guards (Bailey)
  A two-headed ogre (D:7)
  Prince Ribbit (Bailey)
  5 humans (Bailey)
  A sky beast (D:6)
  An ice beast (D:6)
  3 black bears (D:5)
  An orc warrior (Bailey)
  3 ogres (D:5)
  11 bullfrogs
  A scorpion (D:6)
  5 hounds
  3 jellies (D:5)
  5 iguanas
  Jessica (D:3)
  3 orc wizards
  3 gnolls (D:4)
  8 adders
  9 river rats (D:5)
  A shadow imp (D:5)
  An ufetubus (D:6)
  5 worms
  3 dart slugs
  19 orcs
  3 endoplasms (D:1)
  7 giant cockroaches
  10 goblins
  9 hobgoblins
  3 jackals
  3 kobolds
  18 quokkas
  6 ball pythons
  3 bats (D:1)
  17 frilled lizards
  26 rats
201 creatures vanquished.

Vanquished Creatures (others)
  15 fulminant prisms
15 creatures vanquished.

Grand Total: 216 creatures vanquished

Notes
Turn   | Place    | Note
-------+----------+-------------------------------------------
     0 | D:1      | Ge0ff the Formicid Conjurer began the quest for the Orb.
     0 | D:1      | Reached XP level 1. HP: 13/13 MP: 3/3
   273 | D:1      | Reached XP level 2. HP: 19/19 MP: 3/5
   276 | D:1      | Learned a level 2 spell: Searing Ray
   712 | D:1      | Reached XP level 3. HP: 24/24 MP: 0/6
  1304 | D:1      | Found a faded altar of an unknown god.
  1559 | D:2      | Found a shadowy altar of Dithmenos.
  1960 | D:2      | Reached XP level 4. HP: 30/30 MP: 4/7
  1965 | D:2      | Learned a level 4 spell: Iskenderun's Mystic Blast
  2638 | D:3      | Found an ornate altar of the Wu Jian Council.
  2640 | D:3      | Identified the +2 leather armour of Qaclar {Contam Harm
                  | Will+ rCorr}
  2641 | D:3      | Found a shadowy altar of Dithmenos.
  2902 | D:3      | Reached skill level 5 in Conjurations
  2992 | D:3      | Found a burning altar of Makhleb.
  2992 | D:3      | Noticed a green death
  2995 | D:3      | Noticed a ynoxinul
  2995 | D:3      | Noticed an orange demon
  3163 | D:3      | Noticed Jessica
  3167 | D:3      | Killed Jessica
  3681 | D:4      | Reached XP level 5. HP: 35/35 MP: 4/9
  3916 | D:4      | Found Lubb's Book Shoppe.
  4043 | D:4      | Reached skill level 1 in Translocations
  4044 | D:4      | Reached XP level 6. HP: 39/41 MP: 3/10
  4723 | D:5      | Entered Level 5 of the Dungeon
  4723 | D:5      | Noticed an ogre
  4728 | D:5      | Killed an ogre
  4781 | D:5      | Noticed a black bear
  4788 | D:5      | Killed a black bear
  4789 | D:5      | Reached XP level 7. HP: 26/46 MP: 1/11
  5034 | D:5      | Found a glowing drain.
  5111 | Sewer    | Entered a sewer
  5759 | D:5      | Found a staircase to the Ecumenical Temple.
  5764 | Temple   | Entered the Ecumenical Temple
  5828 | Temple   | Became a worshipper of Vehumet
  5868 | D:5      | Found a glowing silver altar of Zin.
  6077 | D:5      | Found Pinohegg's Gadget Gallery.
  6140 | D:5      | Reached XP level 8. HP: 46/52 MP: 2/12
  6554 | D:5      | Reached * piety under Vehumet
  6554 | D:5      | Offered knowledge of Foxfire by Vehumet.
  6750 | D:5      | Reached skill level 5 in Translocations
  7138 | D:6      | Reached skill level 1 in Armour
  7253 | D:6      | Reached XP level 9. HP: 47/57 MP: 12/15
  7500 | D:6      | Found Myeturri's Weapon Emporium.
  7665 | D:6      | Reached skill level 5 in Spellcasting
  8154 | D:6      | Learned a level 4 spell: Fulminant Prism
  8165 | D:7      | Noticed a two-headed ogre
  8187 | D:7      | Reached skill level 1 in Hexes
  8207 | D:7      | Found a shimmering blue altar of Sif Muna.
  8277 | D:7      | Found a flagged portal.
  8278 | D:7      | Killed a two-headed ogre
  8415 | Bailey   | Entered a bailey
  8421 | Bailey   | Reached ** piety under Vehumet
  8440 | Bailey   | Reached skill level 5 in Hexes
  8456 | Bailey   | Offered knowledge of Scorch by Vehumet.
  8457 | Bailey   | Reached XP level 10. HP: 49/63 MP: 4/19
  8642 | Bailey   | Noticed Prince Ribbit
  8650 | Bailey   | Killed Prince Ribbit
  8853 | Bailey   | Noticed a vault guard
  8866 | Bailey   | Noticed a vault guard
  8866 | Bailey   | Killed a vault guard
  8893 | Bailey   | Killed a vault guard
  9346 | D:7      | Noticed Joseph
  9368 | D:7      | HP: 1/55 [Joseph/+2 quarterstaff of draining (3)]
  9370 | D:7      | Shot with a sling bullet by Joseph

Illustrated notes

Levels and vault maps discovered:
D:1:      wander_arrival_estate, layout_basic,
          shapermc_ecumenical_altar_hornbeckon,
          nicolae_concentric_dashed_squares_wild
D:2:      layout_loops_corners, basic_altar, minmay_fountain_box
D:3:      layout_loops_ring, nicolae_overflow_squiral,
          makhleb_altar_promises_db, kennysheep_generic_room_11, uniq_jessica
D:4:      layout_loops_corners, serial_shops, nicolae_shop_crystal
D:5:      lemuel_ratsnest, layout_gridville, zin_statuary, temple_statues,
          gup_sewer_entry_pipe, minmay_misc_feat_nine_boxes,
          nicolae_shop_gadgets
D:6:      layout_loops_ring, serial_shops, nicolae_shop_bloodbath_and_beyond,
          minmay_curled_crystal
D:7:      layout_rooms, mainiacjoe_overflow_alcove_4, lemuel_tele_altar,
          enter_bailey_4, uniq_pikel, uniq_joseph
Temple:   dpeg_chambers_temple

Skill      XL: |  1  2  3  4  5  6  7  8  9 10 |
---------------+-------------------------------+-----
Conjurations   | 4 5 6 7 9 |  9.8
Spellcasting   | 3 4 6 7 |  7.0
Translocations | 1 2 4 5 |  5.0
Armour         | 1 2 |  2.0
Dodging        | 2 |  2.0
Hexes          | 5 9 |  9.0
Stealth        | |  2.4

Action                   |  1- 3 |  4- 6 |  7- 9 | 10-12 || total
-------------------------+-------+-------+-------+-------++-------
Melee: Unarmed           |     2 |       |       |       ||     2
       Dagger            |     8 |    10 |     1 |     3 ||    22
       Staff             |       |       |    22 |     3 ||    25
       Punch             |       |       |     1 |       ||     1
Throw: Throwing net      |       |       |       |     1 ||     1
 Cast: Magic Dart        |    52 |    54 |   182 |    27 ||   315
       Searing Ray       |     3 |     9 |    18 |     7 ||    37
       Iskenderun's Myst |       |     1 |     4 |     2 ||     7
       Fulminant Prism   |       |       |     5 |    10 ||    15
Evoke: Wand              |       |       |       |     2 ||     2
  Use: Scroll            |       |    14 |       |     5 ||    19
       Potion            |       |       |       |     1 ||     1
 Stab: Paralysed         |       |       |       |     3 ||     3
Armor: Robe              |     3 |       |       |       ||     3
       Leather armour    |       |     2 |    15 |     3 ||    20
Dodge: Dodged            |     6 |     6 |    45 |    18 ||    75
       Repelled          |       |       |     2 |       ||     2
